 Dungeon Crawl Stone Soup version 0.29.1-2-gbd0b4ee654 (webtiles) character file.

Game seed: 1922148681894781707

87941 qeuew the Unseen (level 15, -1/63 HPs)
             Began as a Spriggan Enchanter on Nov 10, 2022.
             Was the Champion of Dithmenos.
             Slain by a frost giant
             ... wielding a +2 battleaxe of freezing
              (11 damage)
             ... on level 12 of the Dungeon.
             The game lasted 01:46:17 (28428 turns).

qeuew the Unseen (Spriggan Enchanter)              Turns: 28428, Time: 01:46:18

Health: -1/63      AC: 12    Str:  3 (4)  XL:     15   Next: 45%
Magic:  31/34      EV: 31    Int: 19      God:    Dithmenos [******]
Gold:   2920       SH:  0    Dex: 21      Spells: 26/42 levels left

rFire   . . .      SeeInvis +   i - +3 dagger (holy) {Reverse Exorcism}
rCold   . . .      Faith    .   (no shield)
rNeg    . . .      Spirit   .   x - +3 troll leather armour
rPois   .          Reflect  .   F - +1 hat
rElec   .          Harm     .   J - scarf {shadows}
rCorr   .          Rampage  .   (gloves unavailable)
Will    ++...                   (boots unavailable) Stlth ****++++++
                                d - amulet of the acrobat
HPRegen 1.00/turn               C - +4 ring of protection
MPRegen 0.24/turn               v - +4 ring of evasion

@: confusing by touch, wreathed by umbra, very quick
A: very small, no large weapons, unfitting armour, see invisible, speed 3
a: Renounce Religion, Shadow Step, Shadow Form


You were on level 12 of the Dungeon.
You worshipped Dithmenos.
Dithmenos was exalted by your worship.
You visited 5 branches of the dungeon, and saw 21 of its levels.
You also visited: Gauntlet.

You collected 3242 gold pieces.
You spent 322 gold pieces at shops.

Inventory:

Hand Weapons
 i - a +3 dagger of holy wrath (weapon) {Reverse Exorcism}
 k - a +2 dagger of freezing {child-layer}
Missiles
 m - a throwing net
 w - 12 boomerangs of dispersal
Armour
 x - a +3 troll leather armour (worn)
 F - a +1 hat (worn)
 J - a scarf of shadows (worn)
Jewellery
 d - an amulet of the acrobat (around neck)
 s - a ring of poison resistance
 v - a +4 ring of evasion (right hand)
 C - a +4 ring of protection (left hand)
Wands
 e - a wand of quicksilver (16)
 f - a wand of flame (14)
 q - a wand of charming (11)
 u - a wand of roots (5)
 y - a wand of digging (13)
Scrolls
 b - 5 scrolls of identify
 j - 3 scrolls of summoning
 l - a scroll of butterflies
 o - 2 scrolls of amnesia
 p - 6 scrolls of teleportation
 B - a scroll of brand weapon
 D - a scroll of magic mapping
Potions
 a - 4 potions of flight
 c - 3 potions of haste
 g - a potion of resistance
 h - 8 potions of brilliance
 n - 2 potions of mutation
 t - a potion of might
 z - a potion of cancellation
 A - 3 potions of ambrosia
 G - a potion of magic


   Skills:
 + Level 12.9 Short Blades
 + Level 15.2 Dodging
 + Level 18.3 Stealth
 + Level 14.2 Spellcasting
 + Level 14.5 Hexes
 + Level 6.2 Ice Magic
 - Level 6.0 Invocations
 + Level 5.6 Evocations


You had 26 spell levels left.
You knew the following spells:

 Your Spells              Type           Power      Damage    Failure   Level
a - Ensorcelled Hibernat  Hex/Ice        100%       N/A       1%          2
b - Dazzling Flash        Conj/Hex       82%        N/A       1%          3
c - Tukima's Dance        Hex            62%        N/A       1%          3
d - Metabolic Englaciati  Hex/Ice        26%        N/A       3%          5
e - Confusing Touch       Hex            62%        N/A       1%          3

Your spell library contained the following spells:

 Spells                   Type           Power      Damage    Failure   Level
 Inner Flame              Hex/Fire       41%        N/A       1%          3
 Portal Projectile        Hex/Tloc       82%        N/A       1%          3
 Fulminant Prism          Conj/Hex       20%        3d13      4%          4
 Leda's Liquefaction      Hex/Erth       20%        N/A       4%          4
 Apportation              Tloc           26%        N/A       10%         1
 Foxfire                  Conj/Fire      52%        2x1d6     10%         1
 Silence                  Hex/Air        20%        N/A       13%         5
 Static Discharge         Conj/Air       13%        3-5/arc   14%         2
 Call Canine Familiar     Summ           13%        N/A       28%         3
 Conjure Flame            Conj/Fire      13%        6-21      28%         3
 Spider Form              Tmut/Pois      13%        N/A       28%         3
 Corpse Rot               Necr/Pois/Air  13%        N/A       67%         4
 Dispel Undead            Necr           13%        3d9       67%         4
 Flame Wave               Conj/Fire      13%        2d6       67%         4
 Iskenderun's Mystic Bla  Conj/Tloc      13%        2d5       67%         4
 Petrify                  Tmut/Erth      13%        N/A       67%         4
 Sticky Flame             Conj/Fire      13%        2d4       67%         4
 Summon Lightning Spire   Summ/Air       13%        N/A       67%         4
 Freezing Cloud           Conj/Ice/Air   10%        6-21      75%         5
 Alistair's Intoxication  Tmut/Pois      8%         N/A       95%         5
 Lee's Rapid Deconstruct  Erth           6%         3d7*      95%         5
 Death Channel            Necr           6%         N/A       100%        6
 Starburst                Conj/Fire      6%         6d4       100%        6
 Statue Form              Tmut/Erth      8%         N/A       100%        6
 Storm Form               Tmut/Air       6%         N/A       100%        7
 Maxwell's Capacitive Co  Air            6%         ∞         100%        8


Dungeon Overview and Level Annotations

Branches:
Dungeon (12/15)            Temple (1/1) D:4            Lair (5/5) D:10
 Shoals (1/4) Lair:2       Spider (2/4) Lair:3        Slime (0/5) Lair:4
    Orc (0/2) D:9         Gauntlet (visited)

Altars:
Ashenzari
Cheibriados
Dithmenos
Elyvilon
Fedhas
Gozag
Hepliaklqana
Kikubaaqudgha
Makhleb
Nemelex Xobeh
Okawaru
Qazlal
Ru
Sif Muna
Trog
Uskayaw
Vehumet
Wu Jian
Xom
Yredelemnul
Zin
The Shining One
Jiyva
Lugonu

Shops:
D:8 ?

Portals:
Abyss: Lair:5

Annotations:
D:6 2 transporters, qeuew's ghost, novice VSFi
D:12 Frances
Temple 4 transporters
Lair:3 2 runed translucent doors, qeuew's ghost, journeyman MfGl


Innate Abilities, Weirdness & Mutations

You are very small and have problems with some larger weapons.
You are too small for most types of armour.
You have supernaturally acute eyesight. (SInv)
You cover ground extremely quickly. (Speed+++)


Message History

You add the spell Apportation to your library.
You pick up a book of Flames and begin reading...
You add the spells Foxfire, Conjure Flame, Inner Flame and Flame Wave to your library.
Found a chain mail.
You open the door.
There is an open door here.
You open the door.
There is an open door here.
There is an open door here.
There is an open door here.
There is an open door here.
You open the door.
There is an open door here.
You open the door.
There is an open door here.
You open the door.
There is an open door here.
There is an open door here.
There is an open door here.
You open the door.
A gargoyle comes into view. It is wielding a +0 mace.
There is an open door here.
The helpless gargoyle fails to defend itself.
You spit the gargoyle like a pig!!!!!
You destroy the gargoyle!
Dithmenos accepts your kill.
You feel your strength returning.
You open the door.
There is an open door here.
Casting: Confusing Touch (safe; 1% risk of failure)
Confirm with . or Enter, or press ? or * to list all spells.
Your hands begin to glow red.
The frost giant points at you and mumbles some strange words.
The bolt of cold hits you!!
You hit the frost giant but do no damage.
Your shadow hits the frost giant but does no damage.
The frost giant hits you with a +2 battleaxe of freezing!!
* * * LOW HITPOINT WARNING * * *
You emit a cloud of dark smoke.
The frost giant freezes you!
You die...

#################################
..........................(......
#..>...###.....................##
#...#..###........###......#.>.##
...............§§.###............
##..............@C........####...
###'#....######§§.....##.+ ####
#...#...##....#..........#
#...#...#.####.#.....#####
#...##'##.#..###.....#..#
##..##..#.###.########..#
#######.)##...###........#
.#....'..#.###.##....######
.#.##.#..#.#..###....#....#


You could see a frost giant.

Vanquished Creatures
  Agnes (Spider:1)
  A frost giant (D:12)
  2 ghost moths
  Aizul (Spider:1)
  A broodmother (Spider:1)
  Azrael (Spider:1)
  A spark wasp (Spider:2)
  The ghost of croobank the Spry, a journeyman FeSu of Gozag (Spider:1)
  3 boulder beetles
  5 hydras
  A radroach (Spider:1)
  A centaur warrior (D:9)
  2 two-headed ogres
  11 death yaks
  3 thrashing horrors (Lair:5)
  Urug (Lair:5)
  Amaemon (D:9)
  2 pharaoh ants (Spider:1)
  A skeletal warrior (D:9)
  2 sea snakes (Shoals:1)
  A steelbarb worm (Spider:1)
  An orb spider (Spider:1)
  3 large abominations (Lair:5)
  A deep elf pyromancer (D:9)
  2 ugly things
  A wolf spider (Spider:1)
  4 manticores
  A salamander (shapeshifter) (D:9)
  12 elephants
  An orange demon (D:9)
  4 black mambas
  3 merfolk sirens (Shoals:1)
  3 torpor snails
  A gargoyle (D:12)
  8 cane toads
  5 komodo dragons
  3 rime drakes
  Psyche (D:10)
  A yaktaur (shapeshifter) (D:9)
  5 demonic crawlers
  3 ancient zymes (Lair:5)
  4 trolls
  3 merfolk (Shoals:1)
  3 polar bears
  3 meliai (Lair:3)
  A troll (shapeshifter) (Lair:5)
  Prince Ribbit (D:5)
  18 tarantellas
  A hornet (D:8)
  4 wind drakes (Shoals:1)
  22 blink frogs
  A slime creature (D:9)
  5 dream sheep (Lair:5)
  6 culicivoras (Spider:1)
  A spriggan (Lair:5)
  A snapping turtle (Shoals:1)
  9 jumping spiders
  4 wyverns
  2 water elementals
  A wraith (D:12)
  51 yaks
  3 ynoxinuls (Lair:5)
  6 basilisks (Lair:5)
  Grum (D:9)
  2 chaos spawn (Lair:5)
  An unseen horror simulacrum (D:9)
  4 steam dragons
  26 redbacks
  9 vampire mosquitoes
  A warg (D:9)
  3 hell hounds (Spider:1)
  An acid dragon (D:11)
  22 water moccasins
  Duvessa (D:7)
  A black bear (D:4)
  5 orc warriors
  A black bear (shapeshifter) (Lair:5)
  An ice beast (D:6)
  2 ogres
  2 sky beasts
  20 wolves
  7 centaurs
  3 phantoms
  4 kobold brigands
  2 gnoll sergeants
  18 bullfrogs
  6 scorpions
  11 wights
  Dowan (D:7)
  9 small abominations (Lair:5)
  6 killer bees
  8 orc priests
  3 jellies
  A gnoll bouda (D:7)
  2 iguanas (D:6)
  20 orc wizards
  A hell rat (D:10)
  13 gnolls
  8 adders
  A river rat (D:10)
  A white imp (D:6)
  An ufetubus (D:6)
  A worm (D:3)
  63 orcs
  12 endoplasms
  5 giant cockroaches
  8 hobgoblins
  6 jackals
  25 kobolds
  5 quokkas
  4 ball pythons
  6 bats
  5 frilled lizards
  12 goblins
  4 rats
641 creatures vanquished.

Vanquished Creatures (collateral kills)
  A gargoyle (D:10)
  A spriggan (Lair:5)
  3 wights (D:9)
  2 river rats (D:10)
  2 orcs
  A rat (D:10)
10 creatures vanquished.

Vanquished Creatures (others)
  5 dancing weapons
  19 fungi
  39 plants
63 creatures vanquished.

Grand Total: 714 creatures vanquished

Notes
Turn   | Place    | Note
-------+----------+-------------------------------------------
     0 | D:1      | qeuew the Spriggan Enchanter began the quest for the Orb.
     0 | D:1      | Reached XP level 1. HP: 9/9 MP: 5/5
   218 | D:1      | Reached XP level 2. HP: 13/13 MP: 6/6
   221 | D:1      | Learned a level 2 spell: Ensorcelled Hibernation
   601 | D:1      | Found a faded altar of an unknown god.
   828 | D:1      | Reached XP level 3. HP: 13/16 MP: 8/8
   906 | D:1      | Identified a scroll of acquirement
  1195 | D:2      | Reached skill level 5 in Stealth
  1309 | D:2      | Reached XP level 4. HP: 21/21 MP: 10/10
  1357 | D:2      | Found a bloodstained altar of Trog.
  2548 | D:3      | Learned a level 3 spell: Dazzling Flash
  2960 | D:3      | Reached XP level 5. HP: 17/24 MP: 6/11
  3645 | D:3      | You fall into a shaft and drop 3 floors!
  3665 | D:6      | Found an opulent altar of Gozag.
  3695 | D:6      | Identified the +3 leather armour of Gravity {Contam rPois
                  | Regen+ rCorr}
  3702 | D:6      | Noticed an ogre
  3917 | D:6      | Reached skill level 6 in Stealth
  3957 | D:6      | Reached XP level 6. HP: 6/28 MP: 3/13
  4248 | D:5      | Entered Level 5 of the Dungeon
  4294 | D:5      | Reached skill level 5 in Hexes
  4498 | D:4      | Acquired 964 gold pieces
  4508 | D:4      | Reached skill level 5 in Dodging
  4525 | D:4      | Reached XP level 7. HP: 32/32 MP: 4/15
  4792 | D:4      | Reached skill level 7 in Stealth
  4792 | D:4      | Reached skill level 5 in Spellcasting
  5369 | D:4      | Found a staircase to the Ecumenical Temple.
  5413 | Temple   | Entered the Ecumenical Temple
  5413 | Temple   | Found a transporter.
  5413 | Temple   | Found a transporter.
  5496 | Temple   | Found a transporter.
  5496 | Temple   | Found a transporter.
  5826 | D:3      | Acquired 1061 gold pieces
  6803 | D:5      | Reached XP level 8. HP: 23/36 MP: 14/17
  6934 | D:5      | Noticed Prince Ribbit
  6941 | D:5      | Killed Prince Ribbit
  6942 | D:5      | Reached skill level 8 in Stealth
  7182 | D:5      | Reached skill level 5 in Short Blades
  7357 | D:5      | Found a white marble altar of Elyvilon.
  7512 | D:5      | Reached skill level 9 in Stealth
  7852 | D:6      | Reached XP level 9. HP: 38/39 MP: 1/20
  8464 | D:6      | Found a burning altar of Makhleb.
  8464 | D:6      | Found a faded altar of an unknown god.
  8472 | D:6      | Found an ancient bone altar of Kikubaaqudgha.
  8474 | D:6      | Found a shimmering altar of Xom.
  8476 | D:6      | Found a shadowy altar of Dithmenos.
  8482 | D:6      | Became a worshipper of Dithmenos the Shadowed
  8554 | D:6      | Found a transporter.
  8555 | D:6      | Identified the +1 great mace of the Dead {freeze, rF- Int+4
                  | Dex+4}
  8555 | D:6      | Noticed a two-headed ogre
  8556 | D:6      | Found a transporter.
  8556 | D:6      | Noticed qeuew's ghost (novice VSFi)
  8736 | D:6      | Identified the +5 dagger "Qeleror" {protect, *Corrode rC-
                  | Int+8 SInv}
  9329 | D:7      | Noticed Duvessa
  9331 | D:7      | Noticed Dowan
  9335 | D:7      | Killed Duvessa
  9363 | D:7      | Killed Dowan
  9524 | D:7      | Learned a level 3 spell: Tukima's Dance
  9529 | D:7      | Reached skill level 10 in Stealth
 10792 | D:7      | Found a snail-covered altar of Cheibriados.
 11389 | D:8      | Reached skill level 11 in Stealth
 11389 | D:8      | Reached XP level 10. HP: 44/44 MP: 17/23
 11462 | D:8      | Found Ysini's Magic Scroll Shop.
 11539 | D:8      | Reached * piety under Dithmenos
 12355 | D:9      | Noticed a skeletal warrior
 12364 | D:9      | Noticed a two-headed ogre
 12373 | D:9      | Killed a two-headed ogre
 12559 | D:9      | Noticed a centaur warrior
 12559 | D:9      | Noticed a deep elf pyromancer
 12568 | D:9      | Killed a centaur warrior
 12569 | D:9      | Reached skill level 12 in Stealth
 12607 | D:9      | Killed a deep elf pyromancer
 12608 | D:9      | Reached skill level 10 in Dodging
 12797 | D:9      | Noticed a salamander
 12797 | D:9      | Noticed a guardian serpent
 12828 | D:9      | Noticed Grum
 13059 | D:9      | Found a staircase to the Orcish Mines.
 13321 | D:9      | Killed a salamander
 13322 | D:9      | Reached XP level 11. HP: 47/47 MP: 22/25
 13342 | D:9      | Reached skill level 10 in Hexes
 13502 | D:9      | Killed a skeletal warrior
 13557 | D:9      | Reached ** piety under Dithmenos
 13846 | D:9      | Noticed Amaemon
 13850 | D:9      | Killed Amaemon
 13851 | D:9      | Reached skill level 13 in Stealth
 13910 | D:9      | Reached skill level 10 in Spellcasting
 14306 | D:10     | Entered Level 10 of the Dungeon
 14669 | D:10     | Noticed a death yak
 14700 | D:10     | Found a staircase to the Lair.
 14702 | D:10     | Noticed a death yak
 14702 | D:10     | Noticed a death yak
 14705 | D:10     | Killed a death yak
 14742 | D:10     | HP: 2/47 [gargoyle/stone arrow (26)]
 14746 | D:10     | Reached *** piety under Dithmenos
 14909 | D:10     | Killed a death yak
 14962 | D:10     | Killed a death yak
 15222 | D:10     | Reached skill level 14 in Stealth
 15648 | D:10     | Noticed a two-headed ogre
 15656 | D:10     | Killed a two-headed ogre
 15896 | D:10     | Noticed Psyche
 15910 | D:10     | Killed Psyche
 16001 | D:11     | Reached XP level 12. HP: 51/51 MP: 27/27
 16296 | D:11     | Found a gate leading to a gauntlet.
 16305 | Gauntlet | Entered a Gauntlet
 16305 | Gauntlet | Found a transporter.
 16314 | Gauntlet | Noticed a death scarab
 16315 | Gauntlet | Found a transporter.
 16316 | Gauntlet | Noticed a death scarab
 16317 | Gauntlet | Found a transporter.
 16320 | Gauntlet | Found a transporter.
 16321 | Gauntlet | Found a transporter.
 16322 | Gauntlet | Found a transporter.
 16328 | Gauntlet | Found a runed translucent gate.
 16330 | Gauntlet | Found a runed translucent gate.
 16330 | Gauntlet | Found a transporter.
 16331 | Gauntlet | Found a runed translucent gate.
 16371 | Gauntlet | Noticed a reaper
 16372 | Gauntlet | Found a transporter.
 16381 | Gauntlet | Found a transporter.
 16385 | Gauntlet | Found a transporter.
 16391 | Gauntlet | Noticed a dire elephant
 16394 | Gauntlet | Found a transporter.
 16690 | D:11     | Reached skill level 10 in Short Blades
 16727 | D:11     | Learned a level 5 spell: Metabolic Englaciation
 16849 | D:11     | Reached **** piety under Dithmenos
 17356 | D:12     | Noticed a boulder beetle
 17363 | D:12     | Reached skill level 1 in Invocations
 17365 | D:12     | Killed a boulder beetle
 17366 | D:12     | Reached skill level 1 in Ice Magic
 17367 | D:12     | Noticed a frost giant
 17561 | D:12     | Noticed a five-headed hydra
 17568 | D:12     | Killed a five-headed hydra
 17693 | D:12     | Noticed Frances
 17778 | Lair:1   | Entered Level 1 of the Lair of Beasts
 17812 | Lair:1   | Reached skill level 15 in Stealth
 18066 | Lair:1   | You fall into a shaft and drop 1 floor!
 18340 | Lair:2   | Found a staircase to the Shoals.
 18786 | Lair:2   | Noticed a six-headed hydra
 18793 | Lair:2   | Killed a six-headed hydra
 19753 | Lair:3   | Reached XP level 13. HP: 39/55 MP: 13/30
 19940 | Lair:3   | Found a transporter.
 20167 | Lair:3   | Found a transporter.
 20264 | Lair:3   | Found a hole to the Spider Nest.
 20606 | Lair:2   | Reached ***** piety under Dithmenos
 20780 | Lair:3   | Found a large runed translucent door.
 20780 | Lair:3   | Found a large runed translucent door.
 20840 | Lair:3   | Noticed qeuew's ghost (journeyman MfGl)
 21095 | Lair:3   | Reached skill level 16 in Stealth
 21227 | Lair:3   | Identified the ring "Fuunuck" {Will+ Str+6}
 21954 | Lair:4   | Got the Octavo of Atmospheric Envenoming
 22460 | Lair:4   | Found a viscous altar of Jiyva.
 22460 | Lair:4   | Found a staircase to the Slime Pits.
 22578 | Lair:5   | Entered Level 5 of the Lair of Beasts
 22743 | Lair:5   | Reached skill level 5 in Invocations
 23126 | Lair:5   | Reached XP level 14. HP: 59/59 MP: 21/31
 23407 | Lair:5   | Learned a level 3 spell: Confusing Touch
 24042 | Lair:5   | Noticed Urug
 24044 | Lair:5   | Reached ****** piety under Dithmenos
 24049 | Lair:5   | Killed Urug
 24056 | Lair:5   | Reached skill level 17 in Stealth
 24527 | Lair:5   | Reached skill level 5 in Ice Magic
 24700 | Lair:5   | Reached skill level 1 in Evocations
 24815 | Lair:5   | Found a corrupted altar of Lugonu.
 24815 | Lair:5   | Found a one-way gate to the infinite horrors of the Abyss.
 24851 | Lair:5   | Identified the +7 whip "Wukli" {freeze, +Blink rElec rF+}
 25163 | Shoals:1 | Entered Level 1 of the Shoals
 25714 | Spider:1 | Entered Level 1 of the Spider Nest
 25714 | Spider:1 | Noticed Agnes
 25720 | Spider:1 | Killed Agnes
 25825 | Spider:1 | Found a large runed translucent door.
 25826 | Spider:1 | Found a large runed translucent door.
 25828 | Spider:1 | Noticed croobank's ghost (journeyman FeSu)
 25955 | Spider:1 | Noticed Aizul
 25974 | Spider:1 | Killed Aizul
 26022 | Spider:1 | Reached XP level 15. HP: 63/63 MP: 26/33
 26589 | Spider:1 | Reached skill level 18 in Stealth
 26710 | Lair:3   | Reached skill level 15 in Dodging
 27267 | Spider:1 | Killed croobank's ghost
 27268 | Spider:1 | Reached skill level 5 in Evocations
 27425 | Spider:2 | Identified the +5 scimitar of Cataclysm {vorpal, rCorr}
 27676 | Spider:2 | Noticed Azrael
 27870 | Spider:1 | Killed Azrael
 28068 | D:9      | Killed Grum
 28163 | D:8      | Bought a scroll of enchant weapon for 105 gold pieces
 28163 | D:8      | Bought a scroll of teleportation for 42 gold pieces
 28163 | D:8      | Bought a scroll of teleportation for 42 gold pieces
 28163 | D:8      | Bought a scroll of brand weapon for 133 gold pieces
 28252 | D:12     | Noticed a frost giant
 28270 | D:12     | Killed a frost giant
 28428 | D:12     | Slain by a frost giant

Illustrated notes

Levels and vault maps discovered:
D:1:      scummos_arrival_simple_fountains, layout_loops_ring,
          shapermc_ecumenical_altar_mp_vishouse, moated_statue,
          minmay_octomino_e4
D:2:      kennysheep_the_goblin_king, layout_basic, basic_altar, minmay_tall_x
D:3:      layout_basic
D:4:      nicolae_cairo_tiling_large_dashed, layout_loops_corners
D:5:      layout_basic, elyvilon_altar_1, amcnicky_mini_rare_corridor_liquid,
          uniq_prince_ribbit1
D:6:      layout_loops_cross, chequers_temple_overflow_minitemple,
          nicolae_overflow_hidden_temple, gammafunk_ghost_smash
D:7:      layout_basic, kennysheep_mini_moat, uniq_duvessa
D:8:      layout_basic, serial_shops, shop, minmay_unpleasant_kobolds
D:9:      layout_basic, david_orc_1_choice, minmay_shattered_shrine, uniq_grum,
          uniq_amaemon
D:10:     layout_layer_cave, dpeg_lair_monsters, uniq_psyche
D:11:     layout_irregular_city, gauntlet_entry_generic
D:12:     minmay_mutant_horseshoe, layout_stronghold, uniq_frances
Temple:   hellmonk_temple_divided_pantheon
Lair:1:   layout_chaotic_city
Lair:2:   layout_cave_pods, shoals_dummy_entry, grunt_forest_stairs_basic,
          grunt_forest_small_clearings, lemuel_fruit_tree
Lair:3:   gammafunk_worm_tunnel, layout_cave_pods, spider_nest_entry_a,
          ebering_ghost_disaster_area, infiniplex_staircase_pool
Lair:4:   layout_gridlike, dpeg_slime_entry_corner, grunt_megastairs_4,
          serial_bayou_shore_b, infiniplex_staircase_pool_2
Lair:5:   hellmonk_lair_end_abyssal_woods, layout_hall_layers, uniq_urug
Shoals:1: layout_shoals, nicolae_shoals_goliath_grotto
Spider:1: layout_spider_delve, ebering_ghost_disaster_area,
          hangedman_spider_tarantella_strand, uniq_agnes, uniq_aizul
Spider:2: layout_spider_delve, ebering_ghost_disaster_area,
          nicolae_spider_swamp_cousins, nicolae_spider_cling_halls, uniq_azrael

Skill      XL: |  1  2  3  4  5  6  7  8  9 10 11 12 13 14 15 |
---------------+----------------------------------------------+-----
Dodging        | 3 4 5 7 8 10 11 12 13 14 15 | 15.2
Spellcasting   | 3 4 5 6 8 9 10 12 13 14 | 14.2
Hexes          | 4 5 6 7 8 9 11 12 13 14 | 14.5
Stealth        | 5 6 7 9 11 12 14 15 16 17 18 | 18.3
Short Blades   | 2 3 4 5 7 8 9 10 11 12 | 12.9
Invocations    | 3 5 6 |  6.0
Ice Magic      | 2 4 5 6 |  6.2
Evocations     | 4 5 |  5.6

Action                   |  1- 3 |  4- 6 |  7- 9 | 10-12 | 13-15 || total
-------------------------+-------+-------+-------+-------+-------++-------
Melee: Dagger            |   106 |   159 |   434 |   540 |   977 ||  2216
       Punch             |     1 |     2 |     4 |     4 |    13 ||    24
Throw: Boomerang         |       |       |       |     4 |       ||     4
 Cast: Ensorcelled Hiber |    10 |    52 |   116 |   211 |   279 ||   668
       Tukima's Dance    |       |       |     5 |    22 |     1 ||    28
       Dazzling Flash    |       |       |     2 |    12 |    28 ||    42
       Confusing Touch   |       |       |       |       |    29 ||    29
Evoke: Wand              |       |       |       |     7 |       ||     7
  Use: Scroll            |     7 |     5 |    11 |    10 |    10 ||    43
       Potion            |     2 |     2 |     5 |     1 |     7 ||    17
 Stab: Sleeping          |    22 |    31 |    73 |   141 |   210 ||   477
       Distracted        |       |     1 |     1 |     2 |     5 ||     9
       Invisible         |       |       |     1 |     6 |    13 ||    20
       Confused          |       |       |       |       |    28 ||    28
Armor: Robe              |     9 |    13 |    23 |     2 |       ||    47
       Troll leather arm |       |       |       |    30 |   100 ||   130
Dodge: Dodged            |    91 |   113 |   344 |   666 |  1294 ||  2508
